[ PARTIDA AOE2 · #480623213 ]
Team RMGodos vs Teutons
[ ANÁLISIS DE REPETICIÓN · EXTRAÍDO DE LA PARTIDA GRABADA ]
Feudal
11:37
Castillos
25:16
Imperial
38:15
| APM promedio | 14.0 |
| APM pico | 61 |
| eAPM promedio | 11.2 |
| Aldeanos / militares | 102 / 184 |
Foco
⚔️ 44.6% · 🌾 55.4%
Spearman ×96 · Militia ×45 · Skirmisher ×15 · Scorpion ×14 · Trebuchet (Packed) ×8 · Cavalry Archer ×6
Feudal
—
Castillos
—
Imperial
—
| APM promedio | 19.7 |
| APM pico | 211 |
| eAPM promedio | 18.6 |
| Aldeanos / militares | 90 / 137 |
Foco
⚔️ 12.1% · 🌾 87.9%
Archer ×48 · Spearman ×44 · Militia ×31 · Trade Cart ×16 · Monk ×4 · War Elephant ×4
Feudal
12:18
Castillos
17:37
Imperial
36:48
| APM promedio | 11.3 |
| APM pico | 40 |
| eAPM promedio | 7.6 |
| Aldeanos / militares | 108 / 153 |
Foco
⚔️ 25.5% · 🌾 74.5%
Magyar Huszar ×98 · Cavalry Archer ×52 · Trade Cart ×6 · Trebuchet (Packed) ×3
Feudal
17:21
Castillos
30:53
Imperial
44:46
| APM promedio | 9.2 |
| APM pico | 33 |
| eAPM promedio | 8.5 |
| Aldeanos / militares | 87 / 143 |
Foco
⚔️ 41.9% · 🌾 58.1%
Spearman ×30 · Cavalry Archer ×26 · Teutonic Knight ×24 · Militia ×23 · Trade Cart ×20 · Archer ×16
Mapa de la partida
Recursos al inicio + cada clic de construcción. Línea gruesa = muro · recuadro discontinuo = muro de casas detectado. 🟡 oro · ⚪ piedra · 🟢 bayas · 🔶 jabalí · ⭕ reliquia
Inputs por minuto
— ADRIELONIX - - KanakaMaoli2267
Build order — ADRIELONIX
Primeras 150 de 412 acciones detectadas
| 0:03 | Construir | House |
| 0:04 | Crear | Villager (Male) |
| 0:05 | Crear | Villager (Male) |
| 0:05 | Crear | Villager (Male) |
| 0:05 | Crear | Villager (Male) |
| 0:05 | Crear | Villager (Male) |
| 0:07 | Construir | House |
| 1:37 | Crear | Villager (Male) |
| 1:58 | Crear | Villager (Male) |
| 2:25 | Crear | Villager (Male) |
| 2:25 | Crear | Villager (Male) |
| 2:52 | Crear | Villager (Male) |
| 2:52 | Crear | Villager (Male) |
| 2:56 | Crear | Villager (Male) |
| 3:05 | Construir | Lumber Camp |
| 4:08 | Crear | Villager (Male) |
| 4:08 | Crear | Villager (Male) |
| 4:08 | Crear | Villager (Male) |
| 4:14 | Construir | Mill |
| 4:21 | Construir | House |
| 4:59 | Crear | Villager (Male) |
| 5:00 | Crear | Villager (Male) |
| 5:16 | Crear | Villager (Male) |
| 6:04 | Crear | Villager (Male) |
| 6:04 | Crear | Villager (Male) |
| 6:04 | Crear | Villager (Male) |
| 6:11 | Construir | House |
| 6:33 | Crear | Villager (Male) |
| 6:49 | Crear | Villager (Male) |
| 6:54 | Crear | Villager (Male) |
| 6:54 | Crear | Villager (Male) |
| 6:54 | Crear | Villager (Male) |
| 7:14 | Construir | Lumber Camp |
| 8:11 | Construir | Mill |
| 8:40 | Construir | House |
| 9:21 | Construir | Mining Camp |
| 9:27 | Investigar | Feudal Age |
| 9:28 | Investigar | Loom |
| 10:05 | Crear | Villager (Male) |
| 10:06 | Crear | Villager (Male) |
| 10:06 | Crear | Villager (Male) |
| 10:06 | Crear | Villager (Male) |
| 10:06 | Crear | Villager (Male) |
| 10:22 | Construir | Barracks |
| 11:17 | Crear | Villager (Male) |
| 11:18 | Crear | Villager (Male) |
| 11:18 | Crear | Villager (Male) |
| 11:19 | Crear | Villager (Male) |
| 11:37 | Edad | Edad Feudal |
| 12:55 | Crear | Villager (Male) |
| 12:55 | Crear | Villager (Male) |
| 12:58 | Crear | Villager (Male) |
| 12:59 | Crear | Villager (Male) |
| 12:59 | Crear | Villager (Male) |
| 13:00 | Crear | Villager (Male) |
| 13:07 | Construir | Mining Camp |
| 13:19 | Investigar | Gold Mining |
| 13:49 | Construir | House |
| 13:51 | Construir | House |
| 13:52 | Construir | House |
| 15:01 | Investigar | Man-at-Arms (upgrade) |
| 15:34 | Investigar | Double-Bit Axe |
| 15:37 | Investigar | Horse Collar |
| 15:42 | Construir | Farm |
| 15:42 | Construir | Farm |
| 15:42 | Construir | Farm |
| 15:42 | Construir | Farm |
| 15:43 | Construir | Farm |
| 15:43 | Construir | Farm |
| 15:45 | Construir | Farm |
| 15:45 | Construir | Farm |
| 15:46 | Construir | Farm |
| 15:51 | Construir | Farm |
| 15:52 | Construir | Farm |
| 15:52 | Construir | Farm |
| 15:53 | Construir | Farm |
| 16:37 | Investigar | Stone Mining |
| 17:19 | Construir | House |
| 17:21 | Construir | House |
| 17:22 | Construir | House |
| 17:23 | Construir | House |
| 17:25 | Construir | House |
| 17:27 | Construir | House |
| 18:01 | Crear | Villager (Male) |
| 18:02 | Crear | Villager (Male) |
| 18:02 | Crear | Villager (Male) |
| 18:02 | Crear | Villager (Male) |
| 18:02 | Crear | Villager (Male) |
| 18:03 | Crear | Villager (Male) |
| 18:04 | Crear | Villager (Male) |
| 18:04 | Crear | Villager (Male) |
| 18:04 | Crear | Villager (Male) |
| 18:05 | Crear | Villager (Male) |
| 18:07 | Crear | Villager (Male) |
| 18:35 | Construir | Market |
| 18:39 | Construir | Blacksmith |
| 19:58 | Construir | House |
| 19:59 | Construir | House |
| 20:00 | Construir | House |
| 20:01 | Construir | House |
| 20:02 | Construir | House |
| 20:03 | Construir | House |
| 20:05 | Construir | House |
| 20:06 | Construir | House |
| 20:09 | Construir | House |
| 20:11 | Construir | House |
| 20:14 | Construir | House |
| 20:21 | Construir | Stable |
| 20:22 | Construir | Stable |
| 20:23 | Construir | Stable |
| 21:28 | Investigar | Castle Age |
| 22:01 | Construir | Barracks |
| 22:03 | Construir | Barracks |
| 22:04 | Construir | Barracks |
| 22:07 | Construir | Barracks |
| 22:33 | Investigar | Forging |
| 22:33 | Investigar | Scale Mail Armor |
| 22:41 | Investigar | Town Watch |
| 23:15 | Crear | Villager (Male) |
| 23:16 | Crear | Villager (Male) |
| 23:16 | Crear | Villager (Male) |
| 23:16 | Crear | Villager (Male) |
| 23:16 | Crear | Villager (Male) |
| 23:17 | Crear | Villager (Male) |
| 23:57 | Crear | Spearman |
| 23:57 | Crear | Spearman |
| 23:57 | Crear | Spearman |
| 23:57 | Crear | Spearman |
| 24:01 | Crear | Spearman |
| 24:16 | Construir | Archery Range |
| 24:17 | Construir | Archery Range |
| 24:19 | Construir | Archery Range |
| 24:28 | Crear | Villager (Male) |
| 24:29 | Crear | Villager (Male) |
| 24:30 | Crear | Villager (Male) |
| 24:38 | Crear | Villager (Male) |
| 24:55 | Crear | Villager (Male) |
| 25:16 | Edad | Edad de los Castillos |
| 25:41 | Construir | Castle |
| 25:56 | Investigar | Pikeman (upgrade) |
| 25:57 | Investigar | Squires |
| 26:15 | Construir | Siege Workshop |
| 26:29 | Construir | Monastery |
| 26:31 | Construir | University |
| 26:51 | Construir | Farm |
| 26:52 | Construir | Farm |
| 26:52 | Construir | Farm |
| 26:52 | Construir | Farm |
| 27:07 | Investigar | Iron Casting |
| 27:30 | Construir | Town Center |
Build order — KanakaMaoli2267
Primeras 150 de 467 acciones detectadas
| 0:11 | Crear | Villager (Male) ×5 |
| 0:11 | Crear | Villager (Male) |
| 0:12 | Investigar | Loom |
| 0:14 | Construir | House |
| 0:16 | Construir | House |
| 0:19 | Construir | House |
| 2:03 | Crear | Villager (Male) |
| 2:35 | Crear | Villager (Male) |
| 2:57 | Crear | Villager (Male) |
| 2:59 | Crear | Villager (Male) |
| 3:43 | Construir | Mill |
| 3:55 | Crear | Villager (Male) |
| 3:55 | Crear | Villager (Male) |
| 4:27 | Construir | House |
| 5:17 | Crear | Villager (Male) ×5 |
| 5:17 | Crear | Villager (Male) |
| 5:42 | Crear | Villager (Male) |
| 6:33 | Crear | Villager (Male) |
| 7:16 | Construir | Mining Camp |
| 8:06 | Construir | Mining Camp |
| 8:38 | Crear | Villager (Male) |
| 8:44 | Crear | Villager (Male) |
| 9:03 | Construir | Lumber Camp |
| 9:36 | Investigar | Feudal Age |
| 11:39 | Crear | Villager (Male) |
| 11:40 | Crear | Villager (Male) |
| 11:40 | Crear | Villager (Male) |
| 12:18 | Construir | House |
| 12:23 | Construir | House |
| 12:28 | Construir | House |
| 12:41 | Construir | House |
| 12:50 | Construir | House |
| 13:01 | Construir | House |
| 13:49 | Crear | Villager (Male) |
| 13:50 | Investigar | Wheelbarrow |
| 14:06 | Construir | Barracks |
| 14:22 | Construir | Market |
| 15:11 | Construir | Archery Range |
| 15:33 | Investigar | Double-Bit Axe |
| 15:46 | Crear | Villager (Male) |
| 15:46 | Crear | Villager (Male) |
| 15:46 | Crear | Villager (Male) |
| 15:47 | Crear | Villager (Male) |
| 16:08 | Crear | Villager (Male) |
| 16:33 | Construir | Stable |
| 17:57 | Crear | Villager (Male) |
| 17:58 | Crear | Villager (Male) |
| 17:58 | Crear | Villager (Male) |
| 17:58 | Crear | Villager (Male) |
| 18:48 | Investigar | Horse Collar |
| 18:55 | Crear | Trade Cart |
| 18:55 | Crear | Trade Cart |
| 18:56 | Crear | Trade Cart |
| 18:56 | Crear | Trade Cart |
| 18:58 | Crear | Trade Cart |
| 19:00 | Crear | Trade Cart |
| 19:02 | Crear | Trade Cart |
| 20:19 | Crear | Villager (Male) |
| 20:19 | Crear | Villager (Male) |
| 20:19 | Crear | Villager (Male) |
| 20:22 | Crear | Villager (Male) |
| 20:31 | Crear | Trade Cart |
| 20:40 | Crear | Trade Cart |
| 21:02 | Construir | Farm |
| 21:02 | Construir | Farm |
| 21:02 | Construir | Farm |
| 21:02 | Construir | Farm |
| 21:02 | Construir | Farm |
| 21:02 | Construir | Farm |
| 21:02 | Construir | Farm |
| 21:03 | Construir | Farm |
| 21:03 | Construir | Farm |
| 21:03 | Construir | Farm |
| 21:03 | Construir | Farm |
| 21:03 | Construir | Farm |
| 21:03 | Construir | Farm |
| 21:03 | Construir | Farm |
| 21:03 | Construir | Farm |
| 21:04 | Construir | Farm |
| 21:05 | Construir | Farm |
| 21:05 | Construir | Farm |
| 21:06 | Construir | Farm |
| 21:06 | Construir | Farm |
| 21:06 | Construir | Farm |
| 21:06 | Construir | Farm |
| 21:06 | Construir | Farm |
| 21:06 | Construir | Farm |
| 21:06 | Construir | Farm |
| 21:06 | Construir | Farm |
| 21:06 | Construir | Farm |
| 21:07 | Construir | Farm |
| 21:12 | Construir | Farm |
| 21:13 | Construir | Farm |
| 21:13 | Construir | Farm |
| 21:13 | Construir | Farm |
| 21:16 | Construir | Farm |
| 21:16 | Construir | Farm |
| 21:16 | Construir | Farm |
| 21:16 | Construir | Farm |
| 21:16 | Construir | Farm |
| 21:17 | Construir | Farm |
| 21:17 | Construir | Farm |
| 21:17 | Construir | Farm |
| 21:17 | Construir | Farm |
| 21:17 | Construir | Farm |
| 21:17 | Construir | Farm |
| 21:17 | Construir | Farm |
| 21:17 | Construir | Farm |
| 21:17 | Construir | Farm |
| 21:17 | Construir | Farm |
| 21:17 | Construir | Farm |
| 21:17 | Construir | Farm |
| 21:17 | Construir | Farm |
| 21:17 | Construir | Farm |
| 21:17 | Construir | Farm |
| 21:17 | Construir | Farm |
| 21:17 | Construir | Farm |
| 21:17 | Construir | Farm |
| 21:17 | Construir | Farm |
| 21:17 | Construir | Farm |
| 21:17 | Construir | Farm |
| 21:17 | Construir | Farm |
| 21:17 | Construir | Farm |
| 21:17 | Construir | Farm |
| 21:17 | Construir | Farm |
| 21:18 | Construir | Farm |
| 21:18 | Construir | Farm |
| 21:18 | Construir | Farm |
| 21:18 | Construir | Farm |
| 21:18 | Construir | Farm |
| 21:18 | Construir | Farm |
| 21:18 | Construir | Farm |
| 21:18 | Construir | Farm |
| 21:18 | Construir | Farm |
| 21:18 | Construir | Farm |
| 21:18 | Construir | Farm |
| 21:18 | Construir | Farm |
| 21:19 | Construir | Farm |
| 21:19 | Construir | Farm |
| 21:19 | Construir | Farm |
| 21:19 | Construir | Farm |
| 21:19 | Construir | Farm |
| 21:19 | Construir | Farm |
| 21:19 | Construir | Farm |
| 21:19 | Construir | Farm |
| 21:19 | Construir | Farm |
| 21:19 | Construir | Farm |
| 21:19 | Construir | Farm |
| 21:19 | Construir | Farm |
| 21:19 | Construir | Farm |
Build order — Saikool
Primeras 150 de 229 acciones detectadas
| 0:03 | Construir | House |
| 0:05 | Construir | House |
| 0:06 | Construir | House |
| 0:11 | Crear | Villager (Male) ×4 |
| 1:42 | Crear | Villager (Male) |
| 2:01 | Construir | Lumber Camp |
| 2:09 | Crear | Villager (Male) |
| 2:40 | Crear | Villager (Male) |
| 3:04 | Crear | Villager (Male) ×2 |
| 4:23 | Crear | Villager (Male) ×3 |
| 4:55 | Construir | Mill |
| 5:31 | Crear | Villager (Male) ×4 |
| 6:10 | Construir | Mining Camp |
| 6:16 | Crear | Villager (Male) ×2 |
| 7:07 | Construir | Mill |
| 7:31 | Construir | House |
| 7:48 | Crear | Villager (Male) ×5 |
| 8:05 | Construir | House |
| 9:00 | Construir | Mining Camp |
| 9:42 | Investigar | Feudal Age |
| 11:06 | Construir | Farm |
| 11:09 | Construir | Farm |
| 11:13 | Construir | Farm |
| 11:52 | Construir | Farm |
| 12:18 | Edad | Edad Feudal |
| 12:27 | Construir | Market |
| 12:31 | Construir | Blacksmith |
| 12:35 | Crear | Villager (Male) ×5 |
| 12:50 | Investigar | Double-Bit Axe |
| 13:18 | Investigar | Horse Collar |
| 13:33 | Construir | House |
| 14:00 | Construir | Barracks |
| 14:46 | Construir | Farm |
| 14:54 | Construir | Farm |
| 14:57 | Investigar | Castle Age |
| 15:50 | Crear | Villager (Male) ×2 |
| 16:18 | Construir | Archery Range |
| 16:26 | Construir | Farm |
| 16:56 | Construir | Stable |
| 17:37 | Edad | Edad de los Castillos |
| 17:44 | Construir | Outpost |
| 18:03 | Construir | University |
| 18:15 | Construir | House |
| 18:17 | Construir | House |
| 18:18 | Construir | House |
| 18:26 | Crear | Villager (Male) ×5 |
| 18:39 | Investigar | Fletching |
| 19:06 | Construir | Farm |
| 19:12 | Construir | Town Center |
| 19:19 | Investigar | Heavy Plow |
| 19:54 | Investigar | Wheelbarrow |
| 20:18 | Construir | Castle |
| 20:31 | Construir | House |
| 20:32 | Construir | House |
| 20:33 | Construir | House |
| 20:34 | Construir | House |
| 20:35 | Construir | House |
| 20:37 | Construir | House |
| 20:44 | Investigar | Bow Saw |
| 21:32 | Construir | Mining Camp |
| 21:40 | Investigar | Gold Mining |
| 21:54 | Crear | Villager (Male) ×4 |
| 22:18 | Investigar | Stone Mining |
| 22:23 | Construir | Farm |
| 22:28 | Construir | Farm |
| 22:29 | Construir | Farm |
| 22:33 | Crear | Villager (Male) |
| 22:51 | Construir | Farm |
| 23:04 | Construir | Farm |
| 23:41 | Construir | Farm |
| 23:44 | Crear | Villager (Male) ×5 |
| 23:50 | Crear | Villager (Male) |
| 23:56 | Construir | House |
| 23:58 | Construir | House |
| 24:19 | Construir | Farm |
| 24:22 | Construir | Farm |
| 24:28 | Crear | Villager (Male) ×3 |
| 24:42 | Construir | Lumber Camp |
| 24:53 | Crear | Villager (Male) ×4 |
| 25:19 | Crear | Trade Cart |
| 25:30 | Construir | Farm |
| 25:32 | Construir | Farm |
| 25:40 | Construir | House |
| 25:42 | Construir | House |
| 25:43 | Construir | House |
| 25:44 | Construir | House |
| 25:45 | Construir | House |
| 26:02 | Construir | Farm |
| 26:06 | Investigar | Gold Shaft Mining |
| 26:25 | Investigar | Town Watch |
| 26:28 | Crear | Villager (Male) ×5 |
| 26:45 | Construir | Farm |
| 27:09 | Crear | Villager (Male) ×5 |
| 27:14 | Construir | Farm |
| 27:20 | Investigar | Ballistics |
| 27:36 | Construir | Farm |
| 27:39 | Investigar | Bodkin Arrow |
| 27:48 | Investigar | Masonry |
| 28:30 | Construir | Farm |
| 28:33 | Crear | Villager (Male) ×5 |
| 28:34 | Crear | Villager (Male) |
| 28:40 | Construir | House |
| 28:41 | Construir | House |
| 28:48 | Construir | Farm |
| 29:02 | Crear | Villager (Male) ×5 |
| 29:15 | Construir | Lumber Camp |
| 29:20 | Construir | Farm |
| 29:42 | Investigar | Corvinian Army |
| 29:48 | Construir | Farm |
| 29:52 | Construir | Farm |
| 29:56 | Construir | House |
| 29:56 | Construir | House |
| 29:57 | Construir | House |
| 29:59 | Construir | House |
| 30:10 | Construir | Farm |
| 30:16 | Crear | Villager (Male) ×5 |
| 30:19 | Investigar | Hand Cart |
| 30:22 | Construir | Farm |
| 30:34 | Construir | Farm |
| 30:38 | Investigar | Scale Barding Armor |
| 30:43 | Construir | Farm |
| 30:51 | Investigar | Murder Holes |
| 31:08 | Construir | Siege Workshop |
| 31:14 | Construir | Farm |
| 31:26 | Construir | Archery Range |
| 31:28 | Construir | Archery Range |
| 31:29 | Construir | Archery Range |
| 31:35 | Investigar | Bloodlines |
| 31:35 | Investigar | Husbandry |
| 31:38 | Construir | Farm |
| 31:47 | Crear | Villager (Male) ×5 |
| 32:01 | Construir | Farm |
| 32:11 | Construir | House |
| 32:12 | Construir | House |
| 32:13 | Construir | House |
| 32:13 | Construir | House |
| 32:15 | Construir | House |
| 32:16 | Construir | House |
| 32:18 | Construir | House |
| 32:19 | Construir | House |
| 32:23 | Construir | Farm |
| 32:27 | Construir | Farm |
| 32:33 | Investigar | Chain Barding Armor |
| 32:45 | Construir | Farm |
| 33:06 | Construir | Outpost |
| 33:09 | Construir | Farm |
| 33:11 | Construir | Farm |
| 33:19 | Investigar | Caravan |
| 33:20 | Crear | Trade Cart ×5 |
| 33:31 | Construir | Farm |
Build order — ---
Primeras 150 de 369 acciones detectadas
| 0:13 | Construir | House |
| 0:14 | Construir | House |
| 0:15 | Construir | House |
| 0:16 | Construir | House |
| 0:17 | Construir | House |
| 0:19 | Construir | House |
| 0:20 | Construir | House |
| 0:21 | Construir | House |
| 1:01 | Investigar | Loom |
| 1:02 | Crear | Villager (Male) |
| 1:02 | Crear | Villager (Male) |
| 1:02 | Crear | Villager (Male) |
| 1:03 | Crear | Villager (Male) |
| 1:03 | Crear | Villager (Male) |
| 1:56 | Crear | Villager (Male) |
| 2:51 | Crear | Villager (Male) |
| 3:21 | Crear | Villager (Male) |
| 3:52 | Crear | Villager (Male) |
| 4:19 | Crear | Villager (Male) |
| 4:32 | Crear | Villager (Male) |
| 4:51 | Crear | Villager (Male) |
| 5:10 | Crear | Villager (Male) |
| 5:23 | Crear | Villager (Male) |
| 5:53 | Crear | Villager (Male) |
| 5:55 | Crear | Villager (Male) |
| 7:19 | Crear | Villager (Male) |
| 7:20 | Crear | Villager (Male) |
| 7:20 | Crear | Villager (Male) |
| 7:20 | Crear | Villager (Male) |
| 7:21 | Crear | Villager (Male) |
| 7:21 | Crear | Villager (Male) |
| 8:13 | Construir | Lumber Camp |
| 9:02 | Construir | Mill |
| 9:05 | Crear | Villager (Male) |
| 9:06 | Crear | Villager (Male) |
| 9:06 | Crear | Villager (Male) |
| 9:06 | Crear | Villager (Male) |
| 9:07 | Crear | Villager (Male) |
| 9:07 | Crear | Villager (Male) |
| 9:07 | Crear | Villager (Male) |
| 9:07 | Crear | Villager (Male) |
| 11:26 | Crear | Villager (Male) |
| 11:26 | Crear | Villager (Male) |
| 11:27 | Crear | Villager (Male) |
| 11:27 | Crear | Villager (Male) |
| 11:27 | Crear | Villager (Male) |
| 11:27 | Crear | Villager (Male) |
| 11:28 | Crear | Villager (Male) |
| 11:28 | Crear | Villager (Male) |
| 12:10 | Crear | Villager (Male) |
| 12:10 | Crear | Villager (Male) |
| 12:24 | Construir | Mill |
| 13:13 | Construir | Farm |
| 13:35 | Construir | Farm |
| 14:06 | Construir | Farm |
| 14:44 | Construir | Mining Camp |
| 14:48 | Investigar | Feudal Age |
| 15:03 | Construir | Farm |
| 15:06 | Construir | Farm |
| 15:09 | Construir | Farm |
| 15:13 | Construir | Farm |
| 15:16 | Construir | Farm |
| 15:22 | Construir | Farm |
| 15:44 | Construir | House |
| 15:45 | Construir | House |
| 15:47 | Construir | House |
| 15:49 | Construir | House |
| 16:11 | Crear | Villager (Male) |
| 16:11 | Crear | Villager (Male) |
| 16:11 | Crear | Villager (Male) |
| 16:12 | Crear | Villager (Male) |
| 16:12 | Crear | Villager (Male) |
| 16:12 | Crear | Villager (Male) |
| 16:12 | Crear | Villager (Male) |
| 16:13 | Crear | Villager (Male) |
| 16:13 | Crear | Villager (Male) |
| 17:21 | Edad | Edad Feudal |
| 17:26 | Investigar | Horse Collar |
| 17:33 | Investigar | Double-Bit Axe |
| 17:43 | Construir | Farm |
| 17:44 | Construir | Farm |
| 17:46 | Construir | Farm |
| 17:47 | Construir | Farm |
| 17:48 | Construir | Farm |
| 17:50 | Construir | Farm |
| 17:52 | Construir | Farm |
| 18:00 | Construir | Barracks |
| 18:05 | Investigar | Gold Mining |
| 18:24 | Crear | Villager (Male) |
| 18:24 | Crear | Villager (Male) |
| 18:24 | Crear | Villager (Male) |
| 18:25 | Crear | Villager (Male) |
| 18:25 | Crear | Villager (Male) |
| 18:25 | Crear | Villager (Male) |
| 18:25 | Crear | Villager (Male) |
| 18:26 | Crear | Villager (Male) |
| 19:01 | Construir | Archery Range |
| 19:05 | Construir | Stable |
| 19:07 | Investigar | Man-at-Arms (upgrade) |
| 19:09 | Investigar | Arson |
| 20:19 | Construir | Barracks |
| 20:25 | Construir | Farm |
| 20:38 | Investigar | Stone Mining |
| 20:43 | Crear | Villager (Male) |
| 20:44 | Crear | Villager (Male) |
| 20:44 | Crear | Villager (Male) |
| 20:46 | Construir | Farm |
| 21:05 | Construir | Blacksmith |
| 21:10 | Construir | Market |
| 21:15 | Construir | Farm |
| 21:52 | Construir | Farm |
| 22:08 | Crear | Villager (Male) |
| 22:08 | Crear | Villager (Male) |
| 22:09 | Crear | Villager (Male) |
| 22:09 | Crear | Villager (Male) |
| 22:09 | Crear | Villager (Male) |
| 22:09 | Crear | Villager (Male) |
| 22:10 | Crear | Villager (Male) |
| 22:10 | Crear | Villager (Male) |
| 22:28 | Crear | Archer |
| 22:28 | Crear | Archer |
| 22:29 | Crear | Archer |
| 22:29 | Crear | Archer |
| 22:32 | Crear | Militia |
| 22:32 | Crear | Militia |
| 22:32 | Crear | Militia |
| 22:33 | Crear | Militia |
| 22:35 | Crear | Militia |
| 22:35 | Crear | Militia |
| 22:36 | Crear | Militia |
| 22:36 | Crear | Militia |
| 22:36 | Crear | Militia |
| 22:39 | Crear | Scout Cavalry |
| 22:43 | Crear | Archer |
| 23:11 | Crear | Scout Cavalry |
| 23:11 | Crear | Scout Cavalry |
| 23:14 | Crear | Archer |
| 23:15 | Crear | Archer |
| 23:17 | Crear | Militia |
| 23:29 | Construir | House |
| 23:29 | Construir | House |
| 23:31 | Construir | House |
| 23:32 | Construir | House |
| 23:39 | Investigar | Scale Barding Armor |
| 24:39 | Crear | Militia |
| 24:39 | Crear | Militia |
| 24:39 | Crear | Militia |
| 24:42 | Crear | Militia |
| 24:42 | Crear | Militia |
| 24:48 | Crear | Archer |
Cronología de la partida
| 10:22 | ADRIELONIX · first_building Barracks |
| 11:37 | ADRIELONIX · age_up feudal |
| 12:18 | Saikool · age_up feudal |
| 14:00 | Saikool · first_building Barracks |
| 14:06 | KanakaMaoli2267 · first_building Barracks |
| 15:11 | KanakaMaoli2267 · first_building Archery Range |
| 16:18 | Saikool · first_building Archery Range |
| 16:33 | KanakaMaoli2267 · first_building Stable |
| 16:56 | Saikool · first_building Stable |
| 17:21 | --- · age_up feudal |
| 17:37 | Saikool · age_up castle |
| 18:00 | --- · first_building Barracks |
| 19:01 | --- · first_building Archery Range |
| 19:05 | --- · first_building Stable |
| 20:18 | Saikool · first_building Castle |
| 20:21 | ADRIELONIX · first_building Stable |
| 24:16 | ADRIELONIX · first_building Archery Range |
| 25:16 | ADRIELONIX · age_up castle |
| 25:41 | ADRIELONIX · first_building Castle |
| 26:15 | ADRIELONIX · first_building Siege Workshop |
| 26:29 | ADRIELONIX · first_building Monastery |
| 27:05 | KanakaMaoli2267 · first_building Monastery |
| 27:34 | KanakaMaoli2267 · first_building Castle |
| 30:53 | --- · age_up castle |
| 31:08 | Saikool · first_building Siege Workshop |
| 32:07 | --- · first_building Monastery |
| 33:30 | ADRIELONIX · first_market_buy 100 wood |
| 34:03 | --- · first_building Castle |
| 36:48 | Saikool · age_up imperial |
| 37:14 | Saikool · first_market_sell 500 wood |
| 38:00 | KanakaMaoli2267 · first_building Siege Workshop |
| 38:15 | ADRIELONIX · age_up imperial |
| 44:46 | --- · age_up imperial |
| 50:40 | --- · resign |
[ ANÁLISIS IA · 1 CRÉDITO ]
¿Qué pasó realmente en esta partida?
Wolo.gg analiza cada decisión: build order, eco, micro, errores típicos por bracket. Análisis personalizado por WhatsApp o Discord en 30 segundos.
Guía civ
Godos
Guía mapa
Arena
Perfil
ADRIELONIX